 Dungeon Crawl Stone Soup version 0.20-a0-1039-gf554463 (webtiles) character file.

11797 nubinia the Arsonist (level 11, -1/85 HPs)
             Began as a Green Draconian Fire Elementalist on Apr 22, 2017.
             Was a High Priest of Sif Muna.
             Slain by an ice devil (18 damage)
             ... on level 4 of the Lair of Beasts.
             The game lasted 01:09:23 (11606 turns).

nubinia the Arsonist (DrFE)                        Turns: 11606, Time: 01:09:25

Health: -1/85      AC: 13    Str: 10    XL:     11   Next: 54%
Magic:  1/31       EV: 14    Int: 20    God:    Sif Muna [*****.]
Gold:   570        SH:  0    Dex: 11    Spells: 10/25 levels left

rFire    . . .     SeeInvis .   a - +1 mace (protect)
rCold    . . .     Gourm    .   (no shield)
rNeg     . . .     Faith    .   (armour unavailable)
rPois    +         Spirit   .   (helmet restricted)
rElec    .         Reflect  .   (no cloak)
rCorr    .         Harm     .   u - +2 pair of gloves
MR       .....     Clarity  +   (no boots)
Stlth    +++.......             t - amulet of regeneration
Regen    0.7/turn               M - +3 ring of protection
MPRegen  0.3/turn               R - ring of magical power

@: divine energy
A: breathe noxious fumes, unfitting armour, antennae 1, talons 1, clarity,
deterioration 1, poison resistance, cold-blooded, AC +7
a: Breathe Noxious Fumes, Stop Divine Energy, Channel Magic, Forget Spell,
Renounce Religion


You were on level 4 of the Lair of Beasts.
You worshipped Sif Muna.
Sif Muna was extremely pleased with you.
You were not hungry.

You visited 2 branches of the dungeon, and saw 12 of its levels.

You collected 570 gold pieces.

Inventory:

Hand Weapons
 a - a +1 mace of protection (weapon)
 b - a +0 blowgun
 c - a +0 dagger
 v - a +1 whip of electrocution
 B - a +0 whip of freezing
Missiles
 C - 55 poisoned needles
Armour
 n - a +0 pair of gloves
 u - a +2 pair of gloves (worn)
Magical Staves
 K - an uncursed staff of cold
Jewellery
 t - an amulet of regeneration (around neck)
 M - a +3 ring of protection (left hand)
 Q - a +3 ring of strength
 R - a ring of magical power (right hand)
Wands
 l - a wand of random effects (19/48)
 s - a wand of disintegration (14/24)
 y - a wand of iceblast (10/15)
 A - a wand of polymorph (8/24)
 E - a wand of confusion (28/48)
 L - a wand of confusion (27/48)
 O - a wand of iceblast (8/15)
Scrolls
 e - 9 scrolls of teleportation
 g - a scroll of enchant armour
 h - 7 scrolls of identify
 i - 4 scrolls of fog
 o - a scroll of fear
 p - 2 scrolls of remove curse
Potions
 d - 6 potions of flight
 f - a potion of cancellation
 j - a potion of lignification
 k - 6 potions of curing
 m - a potion of agility
 q - 2 potions of haste
 x - a potion of berserk rage
 z - a potion of resistance
 F - a potion of brilliance
 G - 2 potions of invisibility
 H - 2 potions of heal wounds
 J - 2 potions of might
Books
 I - a book of Flames

   Spells                             Type                      Level
   a - Flame Tongue                   Conjuration/Fire             1
   b - Throw Flame                    Conjuration/Fire             2
   c - Conjure Flame                  Conjuration/Fire             3
   d - Inner Flame                    Hexes/Fire                   3
   e - Sticky Flame                   Conjuration/Fire             4
   f - Fireball                       Conjuration/Fire             5
 S - Nofir's Guide on Damaging Snow
   (Sif Muna gifted it to you on level 4 of the Lair of Beasts)

   Spells                             Type                      Level
   a - Searing Ray                    Conjuration                  2
   b - Ensorcelled Hibernation        Hexes/Ice                    2
   c - Force Lance                    Conjuration/Translocation    4
   d - Orb of Destruction             Conjuration                  7
Miscellaneous
 P - a phial of floods (inert)
Comestibles
 r - 9 fruits
 w - 3 meat rations
 D - 9 bread rations
 N - 6 chunks of flesh


   Skills:
 + Level 4.6 Fighting
 + Level 1.2 Short Blades
 + Level 5.3 Maces & Flails
 + Level 5.0 Dodging
 + Level 5.0 Stealth
 + Level 1.4 Unarmed Combat
 + Level 7.7 Spellcasting
 * Level 9.2 Conjurations
 * Level 10.0 Fire Magic
 + Level 0.4 Evocations


You had 10 spell levels left.
You knew the following spells:

 Your Spells              Type           Power        Failure   Level  Hunger
a - Flame Tongue          Conj/Fire      #####        1%          1    None
b - Throw Flame           Conj/Fire      #####.       1%          2    None
c - Conjure Flame         Conj/Fire      #####...     1%          3    None
d - Sticky Flame          Conj/Fire      #####...     1%          4    ###....
e - Fireball              Conj/Fire      #####.....   4%          5    #####..


Dungeon Overview and Level Annotations

Branches:
Dungeon (8/15)             Temple (0/1) D:4            Lair (4/6) D:8
 Shoals (0/4) Lair:2       Spider (0/4) Lair:4

Altars:
Cheibriados
Gozag
Hepliaklqana
Makhleb
Nemelex Xobeh
Sif Muna
Uskayaw
Zin
The Shining One

Shops:
D:7 (

Portals:
Ice
Cave: Lair:4

Annotations:
D:3 exclusion: player ghost, Rationalist's ghost, amateur MiFi; Sigmund
D:4 Menkaure
D:6 Malvoorn's ghost, novice HOFi
D:7 1 runed door
Lair:4 Nergalle


Innate Abilities, Weirdness & Mutations

You can breathe blasts of noxious fumes.
Your lurid green scales are hard. (AC +7)
You cannot fit into any form of body armour.
Your system is resistant to poisons. (rPois)
You are cold-blooded and may be slowed by cold attacks.
You have a pair of small antennae on your head.
You have sharp toenails.
You possess an exceptional clarity of mind.
Your body sometimes deteriorates upon taking damage.


Message History

Aim: an ice devil (moderately wounded)
The sticky flame hits the ice devil.
The ice devil is burned terribly!
The ice devil is moderately wounded.
The ice devil is covered in liquid flames!
The ice devil burns!
The ice devil hits you! The ice devil freezes you!
You feel yourself slow down.
* * * LOW HITPOINT WARNING * * *
Unknown command.
You closely miss the ice devil.
The ice devil is heavily wounded.
The ice devil burns!
The ice devil hits you but does no damage.
You barely miss the ice devil.
You claw the ice devil, but do no damage.
The ice devil is severely wounded.
You feel yourself speed up.
The ice devil burns! x2; The ice devil hits you!
* * * LOW HITPOINT WARNING * * *
The ice devil freezes you!!
You die...

#... ##### #$†. #.#.#
### #P.Z
##...####.####.. ###***
#............###
#...,*###..........E##.o
#....##.+..........#..E.
#∩....4[#.........##...#
*,,,,*#@+{...t...##...##
*,,,,*###........#.Z.###
****** ##.P.P.##....###
####..+{t......
##.#8.....8.
#P.+........
#####....### ##...#**
#.$..)*


You could see an ice devil (burning).

Vanquished Creatures
  2 hydras
  Pikel (D:4)
  2 black mambas
  2 spiny frogs
  3 komodo dragons (Lair:1)
  An ice devil (Lair:4)
  4 blink frogs (Lair:1)
  3 hippogriffs
  2 dream sheep (Lair:3)
  A spriggan (D:8)
  A basilisk (Lair:4)
  4 yaks (Lair:4)
  Grum (D:8)
  A water moccasin (Lair:3)
  7 porcupines
  Duvessa (D:6)
  An orc warrior (D:6)
  4 slaves
  3 black bears
  2 sky beasts
  2 phantoms
  An ogre (D:6)
  7 wolves
  5 centaurs
  2 crocodiles
  4 bullfrogs
  A water moccasin zombie (D:6)
  2 scorpions (D:7)
  Dowan (D:6)
  7 howler monkeys
  2 electric eels (D:6)
  2 jellies
  2 crimson imps (D:5)
  4 orc priests
  3 hounds
  6 orc wizards
  3 bullfrog skeletons
  3 iguanas
  8 worker ants
  Ijyb (D:5)
  A hound zombie (D:7)
  2 hound skeletons
  A howler monkey zombie (D:7)
  8 adders
  A worker ant zombie (D:5)
  A shadow imp (D:5)
  An ooze (D:3)
  4 worms
  9 dart slugs
  7 leopard geckos
  30 orcs
  4 bats
  10 giant cockroaches
  12 goblins
  7 hobgoblins
  5 jackals
  A quokka (D:3)
  3 ball pythons
  2 frilled lizards
  10 kobolds
  A leopard gecko zombie (D:5)
  14 rats
  2 butterflies (D:7)
248 creatures vanquished.

Vanquished Creatures (collateral kills)
  A hippogriff (Lair:4)
  4 yaks (Lair:4)
  A worker ant (D:7)
  A giant cockroach (D:7)
7 creatures vanquished.

Grand Total: 255 creatures vanquished

Notes
Turn   | Place    | Note
-------+----------+-------------------------------------------
     0 | D:1      | nubinia the Draconian Fire Elementalist began the quest for the Orb.
     0 | D:1      | Reached XP level 1. HP: 14/14 MP: 3/3
   160 | D:1      | Reached XP level 2. HP: 17/20 MP: 0/5
   339 | D:1      | Learned a level 2 spell: Throw Flame
   650 | D:1      | Reached XP level 3. HP: 26/26 MP: 6/6
  1298 | D:2      | Learned a level 3 spell: Conjure Flame
  1545 | D:2      | Reached XP level 4. HP: 28/33 MP: 3/7
  1740 | D:3      | Noticed Sigmund
  1779 | D:3      | Found a hazy altar of Hepliaklqana.
  1957 | D:3      | Reached skill level 1 in Fighting
  2064 | D:3      | Reached skill level 1 in Short Blades
  2244 | D:3      | Reached XP level 5. HP: 39/40 MP: 4/8
  2364 | D:3      | Found a glowing golden altar of the Shining One.
  2365 | D:3      | Found a glowing silver altar of Zin.
  2375 | D:3      | Found a snail-covered altar of Cheibriados.
  2378 | D:3      | Found a hide-covered altar of Uskayaw.
  2705 | D:3      | Noticed Rationalist's ghost (amateur MiFi)
  2889 | D:3      | Reached skill level 4 in Fire Magic
  3313 | D:4      | Reached skill level 1 in Maces & Flails
  3314 | D:4      | Found a deep blue altar of Sif Muna.
  3317 | D:4      | Noticed a slave
  3318 | D:4      | Noticed a slave
  3318 | D:4      | Noticed a slave
  3319 | D:4      | Noticed Pikel
  3527 | D:4      | Noticed a slave
  3533 | D:4      | Became a worshipper of Sif Muna the Loreminder
  3571 | D:3      | Killed a slave
  3668 | D:3      | Killed a slave
  3790 | D:3      | Killed a slave
  3899 | D:4      | Found a staircase to the Ecumenical Temple.
  3903 | D:4      | Reached XP level 6. HP: 45/47 MP: 10/10
  3922 | D:4      | Killed a slave
  4155 | D:4      | Killed Pikel
  4155 | D:4      | Reached skill level 1 in Unarmed Combat
  4155 | D:4      | Your scales start taking on a lurid green colour.
  4155 | D:4      | Reached XP level 7. HP: 50/55 MP: 3/12
  4155 | D:4      | Gained mutation: Your system is resistant to poisons. (rPois) [Green Draconian growth]
  4366 | D:4      | Noticed Menkaure
  4375 | D:5      | Entered Level 5 of the Dungeon
  4865 | D:5      | Reached XP level 8. HP: 62/62 MP: 14/14
  4867 | D:5      | Reached * piety under Sif Muna
  5102 | D:6      | Reached skill level 5 in Fire Magic
  5277 | D:6      | Noticed Malvoorn's ghost (novice HOFi)
  5498 | D:6      | Found a burning altar of Makhleb.
  5508 | D:6      | Noticed Ijyb
  5676 | D:7      | Found a runed door.
  5722 | D:7      | Found Buretsig's Weapon Emporium.
  6220 | D:7      | Reached XP level 9. HP: 71/71 MP: 7/15
  6272 | D:7      | Reached ** piety under Sif Muna
  6272 | D:7      | Reached skill level 6 in Fire Magic
  6298 | D:7      | Reached skill level 5 in Conjurations
  6611 | D:6      | Noticed Dowan
  6622 | D:5      | Killed Ijyb
  6657 | D:6      | Learned a level 4 spell: Sticky Flame
  6875 | D:6      | Noticed Duvessa
  6906 | D:6      | Killed Dowan
  6916 | D:6      | Killed Duvessa
  7169 | D:6      | Found a sparkling altar of Nemelex Xobeh.
  7170 | D:6      | Found an opulent altar of Gozag.
  7317 | D:7      | Found a runed door.
  7382 | D:7      | Reached skill level 5 in Spellcasting
  7402 | D:7      | Reached skill level 7 in Fire Magic
  7741 | D:8      | Noticed Grum
  7750 | D:8      | Killed Grum
  7757 | D:8      | Reached *** piety under Sif Muna
  7850 | D:8      | Found a staircase to the Lair.
  8439 | D:8      | Reached XP level 10. HP: 75/78 MP: 6/18
  8543 | Lair:1   | Entered Level 1 of the Lair of Beasts
  8595 | Lair:1   | Reached skill level 8 in Fire Magic
  8897 | Lair:1   | Gained mutation: Your magical capacity is low. (-10% MP) [potion of mutation]
  8897 | Lair:1   | Gained mutation: You have sharp toenails. [potion of mutation]
  8898 | Lair:1   | Lost mutation: Your magical capacity is low. (-10% MP) [potion of mutation]
  8898 | Lair:1   | Lost mutation: You have sharp toenails. [potion of mutation]
  8898 | Lair:1   | Gained mutation: You expend magic power (3 MP) to strengthen your wands. [potion of mutation]
  8898 | Lair:1   | Gained mutation: You occasionally shout uncontrollably at your foes. [potion of mutation]
  8898 | Lair:1   | Gained mutation: You have a pair of small antennae on your head. [potion of mutation]
  9032 | Lair:1   | Reached **** piety under Sif Muna
  9141 | Lair:1   | Noticed a black mamba
  9212 | Lair:1   | Killed a black mamba
  9212 | Lair:1   | Reached skill level 5 in Maces & Flails
  9735 | Lair:2   | Found a staircase to the Shoals.
  9927 | Lair:2   | Noticed a four-headed hydra
  9931 | Lair:2   | Killed a four-headed hydra
  9931 | Lair:2   | Reached skill level 9 in Fire Magic
 10059 | Lair:2   | Noticed a spiny frog
 10067 | Lair:2   | Killed a spiny frog
 10387 | Lair:2   | Reached XP level 11. HP: 79/85 MP: 11/21
 10555 | Lair:3   | Lost mutation: You expend magic power (3 MP) to strengthen your wands. [potion of mutation]
 10555 | Lair:3   | Lost mutation: You occasionally shout uncontrollably at your foes. [potion of mutation]
 10555 | Lair:3   | Gained mutation: Your body sometimes deteriorates upon taking damage. [potion of mutation]
 10555 | Lair:3   | Gained mutation: You have sharp toenails. [potion of mutation]
 10555 | Lair:3   | Gained mutation: You possess an exceptional clarity of mind. [potion of mutation]
 10922 | Lair:3   | Learned a level 5 spell: Fireball
 11041 | Lair:3   | Reached skill level 5 in Dodging
 11467 | Lair:4   | Noticed a seven-headed hydra
 11474 | Lair:4   | Killed a seven-headed hydra
 11538 | Lair:4   | Reached ***** piety under Sif Muna
 11538 | Lair:4   | Reached skill level 5 in Stealth
 11547 | Lair:4   | Received a gift from Sif Muna
 11552 | Lair:4   | Identified Nofir's Guide on Damaging Snow (Sif Muna gifted it to you on level 4 of the Lair of Beasts)
 11560 | Lair:4   | Noticed Nergalle
 11581 | Lair:4   | Found a frozen archway.
 11591 | Lair:4   | Reached skill level 10 in Fire Magic
 11606 | Lair:4   | Slain by an ice devil

Vault maps used:
D:1:      minmay_arrival_statue_studded, grunt_decor_mini_mirrors,
          minmay_tromino_v4_b
D:2:      kennysheep_six_static_rooms, minmay_misc_feat_roman,
          kennysheep_generic_room_9
D:3:      grunt_temple_overflow_cloverleaf, nicolae_overflow_crystal_walls,
          uniq_sigmund
D:4:      lemuel_crystal_altar, temple_pool_b, first_bread, uniq_pikel,
          uniq_menkaure
D:5:      wad_rectangle_vault, uniq_ijyb
D:6:      kennysheep_slugbush, grunt_temple_overflow_opulence, basic_altar,
          minmay_misc_feat_cross, grunt_ministairs_13, uniq_duvessa
D:7:      lemuel_insect_pit, serial_shops, nicolae_shop_behind_doors,
          mrwooster_statue_mirror
D:8:      lair_entry_dummy, the_bakery, uniq_grum
Lair:1:   grunt_megastairs_1, lemuel_fruit_tree
Lair:2:   minmay_shoals_entry_centaurs
Lair:3:   nicolae_quartered_pool_little, serial_bayou_shore_b
Lair:4:   dragon1_lemuel, spider_nest_entry_funnel_web,
          portal_ice_cave_demonic_guard, serial_bayou_lake_a,
          serial_bayou_shore_b, grunt_megastairs_5, minmay_lair_oklob_chamber,
          infiniplex_staircase_pool_2, serial_bayou_shore_a, uniq_nergalle

Skill      XL: |  1  2  3  4  5  6  7  8  9 10 11 |
---------------+----------------------------------+-----
Dodging        | 2 3 4 5 |  5.0
Stealth        | 2 3 4 5 |  5.0
Fighting       | 1 2 3 4 |  4.6
Short Blades   | 1 |  1.2
Fire Magic     | 4 5 7 9 10 | 10.0
Maces & Flails | 1 2 3 4 5 |  5.3
Spellcasting   | 3 4 5 6 7 |  7.7
Unarmed Combat | 1 |  1.4
Conjurations   | 3 4 6 8 9 |  9.2
Evocations     | |  0.4

Action                   |  1- 3 |  4- 6 |  7- 9 | 10-12 || total
-------------------------+-------+-------+-------+-------++-------
Melee: Dagger            |   119 |    90 |       |       ||   209
       Tailslap          |    12 |    14 |    31 |     8 ||    65
       Whip              |       |    75 |    98 |       ||   173
       Unarmed           |       |    25 |       |       ||    25
       Mace              |       |       |   103 |    64 ||   167
       Punch             |       |       |     2 |     1 ||     3
       Kick              |       |       |       |     6 ||     6
 Cast: Flame Tongue      |    46 |    97 |   158 |    99 ||   400
       Throw Flame       |       |     4 |    37 |    44 ||    85
       Sticky Flame      |       |       |     5 |    16 ||    21
       Conjure Flame     |       |       |       |     3 ||     3
Invok: Divine Energy     |       |       |     1 |       ||     1
 Abil: Breathe Noxious F |       |       |    20 |    14 ||    34
Evoke: Wand              |       |       |       |     1 ||     1
       Phial of floods   |       |       |       |     1 ||     1
  Use: Potion            |     1 |     1 |     4 |     4 ||    10
       Scroll            |       |     3 |    15 |     9 ||    27
 Stab: Sleeping          |     6 |     6 |     3 |     1 ||    16
       Confused          |       |       |     3 |     3 ||     6
  Eat: Chunk             |     3 |     9 |    19 |    11 ||    42
       Royal jelly       |       |       |       |     1 ||     1
       Fruit             |       |       |       |     1 ||     1
Armor: Skin              |    20 |    50 |   101 |    46 ||   217
Dodge: Dodged            |    67 |   132 |   164 |    63 ||   426
